 Dungeon Crawl Stone Soup version 0.22-a0-373-gab1296c (webtiles) character file.

46 Collin1234 the Covered (level 3, 0/33 HPs)
             Began as a Hill Orc Fighter on Apr 25, 2018.
             Succumbed to an adder's poison
             ... on level 2 of the Dungeon.
             The game lasted 00:06:29 (998 turns).

Collin1234 the Covered (Hill Orc Fighter)            Turns: 998, Time: 00:06:29

Health: 0/33       AC:  7    Str: 18    XL:     3   Next: 66%
Magic:  3/3        EV:  7    Int:  9    God:
Gold:   30         SH:  9    Dex: 10    Spells: 2/2 levels left

rFire    . . .     SeeInvis .   d - -1 hunting sling (curse)
rCold    . . .     Gourm    .   c - +0 shield
rNeg     . . .     Faith    .   b - +0 scale mail
rPois    .         Spirit   .   (no helmet)
rElec    .         Reflect  .   (no cloak)
rCorr    .         Harm     .   (no gloves)
MR       .....                  (no boots)
Stlth    ..........             (no amulet)
HPRegen  0.11/turn              (no ring)
MPRegen  0.08/turn              (no ring)

@: lethally poisoned (0 -> -1)
A: no striking features
a: no special abilities


You were on level 2 of the Dungeon.
You were hungry.

You visited 1 branch of the dungeon, and saw 2 of its levels.

You collected 30 gold pieces.

Inventory:

Hand Weapons
 a - a +0 rapier
 d - a cursed -1 hunting sling (weapon)
 m - a +0 spear
Missiles
 i - 19 bolts
 j - 4 stones (quivered)
 l - 21 sling bullets
Armour
 b - a +0 scale mail (worn)
 c - a +0 shield (worn)
Scrolls
 e - a scroll of magic mapping {unknown}
 g - 2 scrolls of identify {unknown}
 h - a scroll of teleportation {unknown}
 k - a scroll of blinking {unknown}
Comestibles
 f - 4 rations


   Skills:
 + Level 3.9 Fighting
 + Level 2.3 Short Blades
 + Level 4.2 Armour
 + Level 0.1 Dodging
 + Level 3.6 Shields


You had 2 spell levels left.
You didn't know any spells.

Dungeon Overview and Level Annotations

Branches:
Dungeon (2/15)

Altars:


Message History

You shoot a stone. The stone barely misses the adder.
* * * LOW HITPOINT WARNING * * *
You feel sick. The adder barely misses you.
The adder bites you but does no damage.
Firing (i - inventory. (/) - cycle)
j - 7 stones (quivered)
Press: ? - help, Shift-Dir - straight line, f/p - adder
Aim: an adder (moderately wounded)
You shoot a stone. The stone hits the adder.
The adder is heavily wounded.
You block the adder's attack. The adder bites you but does no damage.
Firing (i - inventory. (/) - cycle)
j - 6 stones (quivered)
Press: ? - help, Shift-Dir - straight line, f/p - adder
Aim: an adder (heavily wounded)
You shoot a stone. The stone barely misses the adder.
You block the adder's attack.
Firing (i - inventory. (/) - cycle)
j - 5 stones (quivered)
Press: ? - help, Shift-Dir - straight line, f/p - adder
Aim: an adder (moderately wounded)
You shoot a stone. The stone misses the adder.
You die...

#.#.#.# .......
..#.#.# #
#####.........
#.)†........#
#.>######...
##########)..# .#
#............###.##.#.
#......<.@S.....(....)
#...............##..#.
#..#.#.#.#..###..... .
#...........# ####.#
#..#.#.#.#..#
#...........#
##.#.#.#.#..#
#..........#
#.#.#.#.#.##


You could see an adder.

Vanquished Creatures
  An adder (D:2)
  2 dart slugs (D:1)
  A leopard gecko (D:1)
  A giant cockroach (D:1)
  4 goblins
  5 hobgoblins
  A ball python (D:1)
  4 bats (D:1)
  6 kobolds
  8 rats
33 creatures vanquished.

Notes
Turn   | Place    | Note
-------+----------+-------------------------------------------
     0 | D:1      | Collin1234 the Hill Orc Fighter began the quest for the Orb.
     0 | D:1      | Reached XP level 1. HP: 19/19 MP: 1/1
    90 | D:1      | Reached XP level 2. HP: 27/27 MP: 2/2
   438 | D:1      | Reached skill level 4 in Armour
   600 | D:1      | Reached XP level 3. HP: 32/33 MP: 3/3
   992 | D:2      | HP: 1/33 [adder (4)]
   998 | D:2      | Succumbed to an adder's poison

Vault maps used:
D:1:      onia_arrival_mini_maze, grunt_decor_fettered
D:2:      bloody_makhleb, serial_glass, glass_columns_c, glass_columns_a,
          glass_columns_b, glass_columns_c, glass_columns_c, glass_columns_c,
          uniq_natasha, uniq_jessica, uniq_sigmund

Skill      XL: |  1  2 |
---------------+-------+-----
Armour         | 4 |  4.2
Fighting       | |  3.9
Short Blades   | |  2.3
Dodging        | |  0.1
Shields        | |  3.6

Action                   || total
-------------------------++-------
Melee: Rapier            ||   100
       Spear             ||    19
 Fire: Hunting sling     ||    24
  Use: Potion            ||     1
Armor: Scale mail        ||   105
Dodge: Dodged            ||    51
Block: Shield            ||   110

Table legend:
 A = Spawn XP
 B = Non-spawn XP
 C = Spawn XP percentage of total XP
 D = Spawn monster count
 E = Non-spawn monster count
 F = Spawn count percentage of total count
 G = Total turns spent on level
                    A         B        C        D         E        F      G
               +---------+---------+-------+---------+---------+-------+---------
         Total |       0 |      66 |   0.0 |       0 |      33 |   0.0 |   998
               +---------+---------+-------+---------+---------+-------+---------
           D:1 |       0 |      46 |   0.0 |       0 |      27 |   0.0 |   866
           D:2 |       0 |      20 |   0.0 |       0 |       6 |   0.0 |   132
               +---------+---------+-------+---------+---------+-------+---------
